 Dungeon Crawl Stone Soup version 0.21.1-1-g345015f (webtiles) character file.

354 Ilphrin the Chopper (level 6, -3/47 HPs)
             Began as a Demonspawn Gladiator on May 3, 2018.
             Was a Follower of Qazlal.
             Killed by divine providence
             ... invoked by an orc priest
              (7 damage)
             ... on level 4 of the Dungeon.
             The game lasted 00:17:34 (3382 turns).

Ilphrin the Chopper (Demonspawn Gladiator)          Turns: 3382, Time: 00:17:35

Health: -3/47      AC: 10    Str: 16    XL:     6   Next: 35%
Magic:  0/6        EV: 13    Int:  9    God:    Qazlal [*.....]
Gold:   181        SH:  1    Dex: 15    Spells: 5/5 levels left

rFire    x . .     SeeInvis .   a - +2 war axe
rCold    + . .     Gourm    .   (no shield)
rNeg     . . .     Faith    .   b - +0 leather armour
rPois    .         Spirit   +   c - +1 helmet
rElec    .         Reflect  .   (no cloak)
rCorr    .         Harm     .   (no gloves)
MR       .....                  j - +2 pair of boots
Stlth    +.........             (no amulet)
HPRegen  0.15/turn              i - ring of ice
MPRegen  0.10/turn              h - +6 ring of slaying

@: very slightly contaminated
A: molten scales 1, magic shield
a: Renounce Religion


You were on level 4 of the Dungeon.
You worshipped Qazlal.
Qazlal was aware of your devotion.
You were not hungry.

You visited 1 branch of the dungeon, and saw 4 of its levels.

You collected 181 gold pieces.

Inventory:

Hand Weapons
 a - a +2 war axe (weapon)
Missiles
 d - 3 throwing nets (quivered)
Armour
 b - a +0 leather armour (worn)
 c - a +1 helmet (worn)
 j - a +2 pair of boots (worn)
Jewellery
 h - a +6 ring of slaying (right hand)
 i - a ring of ice (left hand)
Scrolls
 e - 2 scrolls of identify
Comestibles
 f - 7 rations


   Skills:
 + Level 3.3 Fighting
 + Level 5.2 Axes
 + Level 1.9 Throwing
 + Level 2.4 Armour
 + Level 2.7 Dodging


You had 5 spell levels left.
You didn't know any spells.

Dungeon Overview and Level Annotations

Branches:
Dungeon (4/15)
 Temple: D:4-7

Altars:
Kikubaaqudgha
Qazlal
Ru
Uskayaw
Xom
Zin


Innate Abilities, Weirdness & Mutations

You are partially covered in molten scales. (AC +2)
When hurt, damage is shared between your health and your magic reserves.


Message History

You aren't carrying any potions.
Blink to where?
Press: ? - help, Dir - move target cursor You are very lightly contaminated with residual magic.
As you read the scroll of blinking, it crumbles to dust.
The orc wizard casts a spell.
The orc wizard blinks!
You slash the orc wizard!
You kill the orc wizard!
Qazlal accepts your kill.
Things that are here:
a dagger; a robe The orc priest begins to cast a cantrip, but forgets the words!
The orc priest calls down the wrath of Beogh upon you.
Beogh smites you!
* * * LOW HITPOINT WARNING * * *
You feel yourself speed up.
The orc priest mumbles some strange prayers to Beogh against you.
Beogh smites you!
You die...

#########.......#
#......##..####.##
#..#.#...†.......#
###.###.........#..#
..)..#.#..#..##.#..# #
.##.#.##..#........# #
.##..o.o..##.o.....# #...# #
#########.##.##.#..# #...# #
#####.......@..# #...###
#........#.#..### #......
#...).....#.....#######...###
#........#.#..).##...........
#.>.....#...#................
#......#.....#..##...........
#
#......#.≈≈≈.#..#######...###
# #....).#≈...≈#..# #...... .
######.#≈._.≈#.## #...###


You could see an orc priest.

Vanquished Creatures
  4 crimson imps (D:3)
  An iguana (D:4)
  2 orc wizards (D:4)
  The ghost of Iko the Skirmisher, a weakling HuCK of Xom (D:3)
  3 adders
  An ooze (D:4)
  2 worms (D:2)
  5 dart slugs
  3 leopard geckos
  5 orcs
  2 ball pythons (D:3)
  2 bats
  3 giant cockroaches
  7 goblins
  3 hobgoblins
  4 jackals (D:1)
  5 kobolds
  4 quokkas
  6 frilled lizards
  9 rats
  A butterfly (D:4)
73 creatures vanquished.

Notes
Turn   | Place    | Note
-------+----------+-------------------------------------------
     0 | D:1      | Ilphrin the Demonspawn Gladiator began the quest for the Orb.
     0 | D:1      | Reached XP level 1. HP: 16/16 MP: 1/1
   248 | D:1      | Reached skill level 3 in Axes
   248 | D:1      | Gained mutation: You are partially covered in molten scales. (AC +2) [demonic ancestry]
   248 | D:1      | Reached XP level 2. HP: 20/22 MP: 2/2
   920 | D:2      | Gained mutation: When hurt, damage is shared between your health and your magic reserves. [demonic ancestry]
   920 | D:2      | Reached XP level 3. HP: 16/28 MP: 3/3
  1364 | D:2      | Found an ancient bone altar of Kikubaaqudgha.
  1400 | D:2      | Reached skill level 1 in Armour
  1784 | D:3      | Found a stormy altar of Qazlal.
  1899 | D:3      | Noticed a water elemental
  1901 | D:3      | Noticed an earth elemental
  1901 | D:3      | Noticed a fire elemental
  1901 | D:3      | Noticed an air elemental
  1912 | D:3      | Became a worshipper of Qazlal Stormbringer
  2019 | D:3      | Reached XP level 4. HP: 33/34 MP: 4/4
  2028 | D:3      | Reached skill level 4 in Axes
  2245 | D:3      | Found a glowing silver altar of Zin.
  2387 | D:3      | Found a shimmering altar of Xom.
  2455 | D:3      | Reached XP level 5. HP: 18/40 MP: 3/5
  2714 | D:3      | Found a hide-covered altar of Uskayaw.
  2858 | D:3      | Noticed Iko's ghost (weakling HuCK)
  2864 | D:3      | Killed Iko's ghost
  2897 | D:4      | Reached skill level 5 in Axes
  2897 | D:4      | Reached XP level 6. HP: 38/47 MP: 4/6
  3075 | D:4      | Reached * piety under Qazlal
  3282 | D:4      | Found a sacrificial altar of Ru.
  3351 | D:4      | Noticed an orc warrior
  3382 | D:4      | Killed from afar by an orc priest

Skill      XL: |  1  2  3  4  5 |
---------------+----------------+-----
Axes           | 3 4 5 |  5.2
Armour         | 1 2 |  2.4
Fighting       | 3 |  3.3
Throwing       | |  1.9
Dodging        | |  2.7

Action                   |  1- 3 |  4- 6 || total
-------------------------+-------+-------++-------
Melee: War axe           |   119 |    94 ||   213
  Use: Scroll            |     6 |     8 ||    14
       Potion            |     4 |     2 ||     6
  Eat: Chunk             |     4 |     2 ||     6
       Ration            |       |     1 ||     1
Armor: Leather armour    |    37 |    36 ||    73
Dodge: Dodged            |    74 |    66 ||   140
